 Dungeon Crawl Stone Soup version 0.26-a0-651-gb41185065b (webtiles) character file.

Game seed: 8997750275339024198

3873 Irenicus the Earth Mage (level 10, 0/75 HPs)
             Began as a Deep Dwarf Earth Elementalist on Oct 20, 2020.
             Was a Believer of Makhleb.
             Slain by an orc knight
             ... wielding a +0 war axe
              (30 damage)
             ... in a bailey.
             The game lasted 00:35:26 (4161 turns).

Irenicus the Earth Mage (DDEE)                      Turns: 4161, Time: 00:35:27

Health: 0/75       AC: 12    Str: 12    XL:     10   Next: 0%
Magic:  9/13       EV: 11    Int: 19    God:    Makhleb [**....]
Gold:   511        SH:  0    Dex: 13    Spells: 2/13 levels left

rFire    . . .     SeeInvis .   v - +3 dagger (vamp)
rCold    . . .     Faith    .   (no shield)
rNeg     . . .     Spirit   .   g - +0 ring mail
rPois    .         Reflect  .   y - +1 helmet
rElec    .         Harm     .   d - +2 cloak
rCorr    .         Rampage  .   (no gloves)
MR       +....                  (no boots)
Stlth    ++........             i - amulet of magic regeneration
HPRegen  0.00/turn              (no ring)
MPRegen  0.38/turn              (no ring)

@: non-regenerating
A: damage resistance, heal wounds, hooves 1, yellow scales 1, sense surroundings
2, no regeneration
a: Heal Wounds, Minor Destruction, Renounce Religion


You were in a bailey.
You worshipped Makhleb.
Makhleb was pleased with you.
You visited 2 branches of the dungeon, and saw 8 of its levels.
You also visited: Bailey.

You collected 511 gold pieces.

Inventory:

Hand Weapons
 e - a +3 spear of venom
   (You found it on level 6 of the Dungeon)
 v - a +3 vampiric dagger (weapon)
   (You took it off an orc wizard on level 4 of the Dungeon)
Missiles
 b - 3 stones (quivered)
Armour
 d - a +2 cloak (worn)
   (You found it on level 5 of the Dungeon)
 g - a +0 ring mail (worn)
   (You found it on level 3 of the Dungeon)
 y - a +1 helmet (worn)
   (You found it on level 5 of the Dungeon)
Magical Staves
 t - an uncursed staff of death {rN+}
   (You found it on level 7 of the Dungeon)
Jewellery
 i - an amulet of magic regeneration (around neck)
   (You found it on level 1 of the Dungeon)
 j - an uncursed ring of protection from fire {rF+, !d}
   (You found it in a bailey)
 o - an uncursed ring of poison resistance {unknown}
   (You found it on level 6 of the Dungeon)
Wands
 m - a wand of polymorph (6)
   (You found it on level 6 of the Dungeon)
Scrolls
 a - 2 scrolls of amnesia
 c - a scroll of enchant weapon
 f - a scroll of magic mapping {!r}
 k - 5 scrolls of remove curse
 n - 3 scrolls of enchant armour
 q - 3 scrolls of immolation {!r}
Potions
 p - a potion of heal wounds
 r - a potion of berserk rage {unknown}
 s - 2 potions of lignification {!q}
 w - 2 potions of flight
 x - 2 potions of resistance


   Skills:
 - Level 2.1 Dodging
 - Level 6.0 Stealth
 - Level 2.0 Spellcasting
 - Level 3.0 Conjurations
 - Level 0.8 Transmutations
 + Level 15.0 Earth Magic
 + Level 7.6 Evocations


You had 2 spell levels left.
You knew the following spells:

 Your Spells              Type           Power        Failure   Level
a - Sandblast             Erth           ######       1%          1
w - Passwall              Tmut/Erth      ####....     2%          2
x - Stone Arrow           Conj/Erth      #####.       2%          3
z - Lee's Rapid Deconstr  Erth           ######....   2%          5

Your spell library contained the following spells:

 Spells                   Type           Power        Failure   Level
 Petrify                  Tmut/Erth      ####....     14%         4


Dungeon Overview and Level Annotations

Branches:
Dungeon (7/15)             Temple (1/1) D:6          Bailey (1/1)

Altars:
Ashenzari
Cheibriados
Dithmenos
Fedhas
Gozag
Hepliaklqana
Kikubaaqudgha
Makhleb
Nemelex Xobeh
Okawaru
Qazlal
Ru
Sif Muna
Trog
Uskayaw
Vehumet
Xom
Yredelemnul
Zin
The Shining One

Annotations:
D:3 2 transporters, Grinder; Irenicus's ghost, amateur DDEE
D:5 exclusion: statue
D:6 4 runed translucent doors


Innate Abilities, Weirdness & Mutations

You are resistant to damage.
You can heal yourself by infusing magical energy.
You passively map the area around you.
You do not regenerate.
You have large cloven feet.
You are partially covered in yellow scales. (AC +2)


Message History

The orc knight shouts!
The orc warlord roars a battlecry!
The orc knight goes into a battle-frenzy!
Your surroundings seem slightly different.
The orc knight roars a battlecry!
Items here: )))) [[[ ÷.
There is an open door here.
Things that are here:
a cursed -3 hand axe; a +0 leather armour; a hobgoblin skeleton
Items here: )))) [[[ ÷÷.
You close the door, pushing everything out of the way.
Something unseen opens the door.
The orc knight no longer looks unusually strong.
The orc warlord roars a battlecry!
The orc knight goes into a battle-frenzy!
Things that are here:
a +0 war axe; a cursed +0 ring mail; an orc skeleton
There is an open door here.
Items here: )) ? [[ ÷÷.
Things that are here:
a +0 hand axe; a cursed +0 leather armour
Things that are here:
a +0 hand axe; a +0 ring mail; an orc skeleton The orc knight roars a battlecry!
There is an open door here.
Things that are here:
a +0 hand axe; a +3 leather armour; a hobgoblin corpse
Okay, then.
Items here: ! ) ? [.
The orc knight no longer looks unusually strong.
The orc warrior shouts!
The orc warrior barely misses you.
The orc knight roars a battlecry!
The orc warrior goes into a battle-frenzy!
There is an open door here.
Really read
q - 4 scrolls of immolation {!r}?
Really read the scroll of immolation?
As you read the scroll of immolation {!r}, it crumbles to dust.
The creatures around you are filled with an inner flame!
The orc warlord roars a battlecry!
The orc knight goes into a battle-frenzy!
The orc warrior hits you with a +0 broad axe!!
You take 23 damage, and have 43/68 hp.
MASSIVE DAMAGE!!
Casting: Sandblast (safe; 1% risk of failure)
Confirm with . or Enter, or press ? or * to list all spells.
Aiming: Sandblast (safe; 1% risk of failure)
Press: ? - help, Shift-Dir - straight line, f - orc warrior
Aim: an orc warrior, wielding a +0 broad axe and wearing a +0 ring mail (inner flame, strong)
The blast of sand hits the orc warrior!
Flame seeps out of the orc warrior.
The orc warrior is moderately wounded.
b - 7 stones You now have 11/12 mp.
Casting: Sandblast (safe; 1% risk of failure)
Confirm with . or Enter, or press ? or * to list all spells.
Aiming: Sandblast (safe; 1% risk of failure)
Press: ? - help, Shift-Dir - straight line, f/p - orc warrior
Aim: an orc warrior, wielding a +0 broad axe and wearing a +0 ring mail (flame, moderately wounded, inner flame, strong)
The blast of sand hits the orc warrior!
Flame seeps out of the orc warrior.
The orc warrior is almost dead.
b - 6 stones The orc warrior is engulfed in blazing flames.
The orc warrior explodes!
The fiery explosion engulfs you!!
The fiery explosion engulfs the orc knight!!
Flame seeps out of the orc knight.
The orc knight is moderately wounded.
Makhleb accepts your kill.
Your Earth Magic skill increases to level 15!
You have reached level 10!
You hear a shout!
You take 13 damage, and have 30/75 hp.
You now have 10/13 mp.
The orc knight is engulfed in blazing flames.
Flame seeps out of the orc knight.
Casting: Sandblast (safe; 1% risk of failure)
Confirm with . or Enter, or press ? or * to list all spells.
Aiming: Sandblast (safe; 1% risk of failure)
Press: ? - help, Shift-Dir - straight line, f - orc knight
Aim: an orc knight, wielding a +0 war axe and wearing a +0 scale mail (moderately wounded, inner flame, strong)
The blast of sand misses the orc knight.
b - 5 stones You now have 10/13 mp.
Casting: Sandblast (safe; 1% risk of failure)
Confirm with . or Enter, or press ? or * to list all spells.
Aiming: Sandblast (safe; 1% risk of failure)
Press: ? - help, Shift-Dir - straight line, f/p - orc knight
Aim: an orc knight, wielding a +0 war axe and wearing a +0 scale mail (moderately wounded, inner flame, strong)
The blast of sand misses the orc knight.
b - 4 stones
Casting: Sandblast (safe; 1% risk of failure)
Confirm with . or Enter, or press ? or * to list all spells.
Aiming: Sandblast (safe; 1% risk of failure)
Press: ? - help, Shift-Dir - straight line, f/p - orc knight
Aim: an orc knight, wielding a +0 war axe and wearing a +0 scale mail (flame, moderately wounded, inner flame, strong)
The blast of sand hits the orc knight but does no damage.
The orc knight is moderately wounded.
b - 3 stones The orc knight is engulfed in blazing flames.
Flame seeps out of the orc knight.
The orc knight hits you with a +0 war axe!!
You die...

#..)....#, ,,#..))
##..)....##.......##..o.
#.........#.......#.....
##.........###...###.....
#.....⌠.....###'###....o⌠
##.........##88.88##.....
#.........#.......#.....
##.)....§##.......##....
#.....@o)§......)))....
##.....##o........##...
#######.....⌠...).####
##........)## #.......).#
##.......## #.!.....#
##!!∩..## #######


You could see an orc warlord (inner flame, strong) and an orc knight (inner
flame, strong).

Vanquished Creatures
  A tarantella (Bailey)
  9 orc warriors
  3 ice beasts
  3 phantoms
  4 ogres
  2 necrophages
  A centaur (D:5)
  A big kobold (D:7)
  Blork the orc (D:6)
  3 bullfrogs
  3 scorpions
  2 howler monkeys (D:4)
  A bullfrog zombie (D:5)
  4 hounds
  2 jellies
  2 orc priests
  Crazy Yiuf (D:3)
  7 orc wizards
  2 iguanas
  Ijyb (D:4)
  6 worker ants
  A hound zombie (D:7)
  2 hound skeletons (D:4)
  14 gnolls (Bailey)
  11 adders
  3 shadow imps
  3 white imps
  An ufetubus (D:6)
  2 adder skeletons
  4 worms
  4 dart slugs
  6 leopard geckos
  25 orcs
  2 ball pythons
  9 giant cockroaches
  22 goblins
  19 hobgoblins
  2 quokkas
  9 bats
  9 frilled lizards
  A jackal zombie (D:6)
  9 kobolds
  4 rats
221 creatures vanquished.

Notes
Turn   | Place    | Note
-------+----------+-------------------------------------------
     0 | D:1      | Irenicus the Deep Dwarf Earth Elementalist began the quest
                  | for the Orb.
     0 | D:1      | Reached XP level 1. HP: 15/15 MP: 3/3
   145 | D:1      | Reached skill level 2 in Spellcasting
   145 | D:1      | Reached XP level 2. HP: 22/22 MP: 1/5
   214 | D:1      | Reached skill level 5 in Earth Magic
   214 | D:1      | HP: 4/22 [dart slug/slug dart (3)]
   297 | D:1      | magic reg at D1
   468 | D:2      | Reached XP level 3. HP: 19/28 MP: 2/6
   472 | D:2      | Learned a level 2 spell: Passwall
   476 | D:2      | Learned a level 3 spell: Stone Arrow
   548 | D:2      | Noticed an ogre
   554 | D:2      | Killed an ogre
   554 | D:2      | Reached skill level 7 in Earth Magic
   554 | D:2      | Reached XP level 4. HP: 24/36 MP: 1/7
   692 | D:2      | Reached XP level 5. HP: 28/42 MP: 6/8
   853 | D:2      | Found a glowing silver altar of Zin.
   853 | D:2      | Found an opulent altar of Gozag.
  1033 | D:2      | Found a hazy altar of Hepliaklqana.
  1105 | D:3      | Reached skill level 8 in Earth Magic
  1155 | D:3      | Found a broken altar of Ashenzari.
  1177 | D:3      | Found a transporter.
  1180 | D:3      | Noticed Irenicus's ghost (amateur DDEE)
  1180 | D:3      | Noticed an ice beast
  1213 | D:3      | Noticed Grinder
  1229 | D:3      | Found a transporter.
  1234 | D:3      | Reached XP level 6. HP: 33/49 MP: 6/9
  1261 | D:3      | Found a runed translucent door.
  1262 | D:3      | Noticed Crazy Yiuf
  1268 | D:3      | Killed Crazy Yiuf
  1268 | D:3      | Reached skill level 9 in Earth Magic
  1367 | D:3      | Found a snail-covered altar of Cheibriados.
  1524 | D:4      | Noticed Ijyb
  1528 | D:4      | Killed Ijyb
  1618 | D:4      | Reached skill level 10 in Earth Magic
  1624 | D:4      | Reached XP level 7. HP: 36/55 MP: 0/10
  1677 | D:4      | hmm, vampiric dagger
  1744 | D:4      | Reached skill level 3 in Stealth
  2173 | D:4      | Found a shadowy altar of Dithmenos.
  2227 | D:5      | Entered Level 5 of the Dungeon
  2230 | D:5      | Reached skill level 11 in Earth Magic
  2275 | D:5      | Found a stormy altar of Qazlal.
  2304 | D:5      | Found a shimmering blue altar of Sif Muna.
  2332 | D:5      | Reached skill level 12 in Earth Magic
  2375 | D:5      | Reached XP level 8. HP: 29/62 MP: 3/11
  2642 | D:5      | Found a sacrificial altar of Ru.
  2656 | D:5      | Reached skill level 13 in Earth Magic
  2664 | D:5      | Found a radiant altar of Vehumet.
  2667 | D:5      | Gained mutation: You are partially covered in yellow
                  | scales. (AC +2) [potion of mutation]
  2667 | D:5      | Gained mutation: You have large cloven feet. [potion of
                  | mutation]
  2689 | D:5      | HP: 13/62 [hound (3)]
  2779 | D:6      | Noticed Blork the orc
  2797 | D:6      | Reached skill level 14 in Earth Magic
  2851 | D:6      | Reached skill level 1 in Evocations
  2870 | D:6      | Reached skill level 2 in Evocations
  2871 | D:6      | Reached skill level 4 in Stealth
  2883 | D:6      | Reached skill level 3 in Evocations
  2898 | D:6      | Found a large runed translucent door.
  2898 | D:6      | Found a large runed translucent door.
  2899 | D:6      | Noticed a red ugly thing
  2938 | D:6      | Found a large runed translucent door.
  2938 | D:6      | Found a large runed translucent door.
  3049 | D:6      | Found a staircase to the Ecumenical Temple.
  3064 | Temple   | Entered the Ecumenical Temple
  3137 | D:6      | Gained mutation: You passively map the area around you.
                  | [Deep Dwarf growth]
  3137 | D:6      | Reached XP level 9. HP: 57/68 MP: 7/12
  3164 | D:6      | Reached skill level 5 in Stealth
  3164 | D:6      | Reached skill level 4 in Evocations
  3240 | D:6      | Killed Blork the orc
  3442 | D:7      | Reached skill level 6 in Stealth
  3442 | D:7      | Reached skill level 5 in Evocations
  3446 | D:7      | Found a basalt altar of Yredelemnul.
  3452 | D:7      | Found a glowing golden altar of the Shining One.
  3526 | D:7      | Reached skill level 1 in Conjurations
  3575 | D:7      | Found an ancient bone altar of Kikubaaqudgha.
  3576 | D:7      | Found a burning altar of Makhleb.
  3582 | D:7      | Became a worshipper of Makhleb the Destroyer
  3641 | D:7      | Reached skill level 2 in Conjurations
  3655 | D:7      | Found a sparkling altar of Nemelex Xobeh.
  3668 | D:7      | Learned a level 5 spell: Lee's Rapid Deconstruction
  3675 | D:7      | Reached skill level 3 in Conjurations
  3693 | D:7      | Found a flagged portal.
  3713 | Bailey   | Entered a bailey
  3796 | Bailey   | Reached * piety under Makhleb
  3919 | Bailey   | Reached skill level 6 in Evocations
  3949 | Bailey   | Noticed an orc knight
  3997 | Bailey   | Reached ** piety under Makhleb
  4009 | Bailey   | Reached skill level 7 in Evocations
  4014 | Bailey   | Noticed an orc warlord
  4027 | Bailey   | Noticed an orc knight
  4043 | Bailey   | an orc knight changed into a tarantella
  4046 | Bailey   | HP: 17/68 [tarantella (1)]
  4157 | Bailey   | Reached skill level 15 in Earth Magic
  4157 | Bailey   | Reached XP level 10. HP: 30/75 MP: 10/13
  4161 | Bailey   | Slain by an orc knight

Illustrated notes

###### ############
†.)†.######..........#
####.....##..........#
...#.....##..........#
...#......#..........###*
...#........)...@.......
,
###†##†.................
)..#.#...#.....###.##...,
...##.##.....#..# .# ,..
.....#.#.....##... . , ,
.....##.##...........,
.......#?#..###.... .. ,
....... ##...#**, ... ,
....... ,,..# ,


Turn 297 on D:1: magic reg at D1 * ### , ,.. ** * #. #.#* #.. #.## #.@# ##.##
###### * #..# #....# ##.## #....# * #..# ##....# , ##.# #.....# * #.# ##.†...#
#.# #<....). #.# #....... Turn 1677 on D:4: hmm, vampiric dagger

Levels and vault maps discovered:
D:1:      lightli_arrival_chessboard, layout_rooms,
          chequers_serial_rivers_marsh, minmay_vboxes
D:2:      layout_basic, grunt_temple_overflow_gold_and_silver, marbit_many_paths
D:3:      layout_loops_ring, cheibrodos_ashenzari_chains, cheibriados_altar_1,
          gammafunk_ghost_arena, kennysheep_cross_room, uniq_grinder,
          uniq_crazy_yiuf_cottage
D:4:      layout_basic, amethyst_killhole, nicolae_dithmenos_shadow_blocks,
          uniq_ijyb
D:5:      layout_loops_ring, vehumet_statue, lemuel_blue_sif_altar,
          hangedman_feature_mirror
D:6:      layout_loops_ring, minmay_temple_entry_glass,
          minmay_hollow_rounded_squares, uniq_blork_the_orc
D:7:      layout_gridville, yredelemnul_altar_generic, lemuel_crystal_altar,
          gammafunk_temple_overflow_pools, enter_bailey_3, basic_altar
Temple:   kb_temple_of_zot
Bailey:   bailey_axe_minmay_hex_keep, bailey

Skill      XL: |  1  2  3  4  5  6  7  8  9 |
---------------+----------------------------+-----
Spellcasting   | 2 |  2.0
Earth Magic    | 5 7 8 10 12 14 15 | 15.0
Stealth        | 3 4 6 |  6.0
Evocations     | 3 7 |  7.6
Conjurations   | 3 |  3.0
Dodging        | |  2.1
Transmutations | |  0.8

Action                   |  1- 3 |  4- 6 |  7- 9 | 10-12 || total
-------------------------+-------+-------+-------+-------++-------
Melee: Club              |    30 |     1 |       |       ||    31
       Dagger            |       |       |    50 |       ||    50
       Kick              |       |       |     4 |       ||     4
 Cast: Sandblast         |    34 |    50 |   181 |     3 ||   268
       Stone Arrow       |     1 |    12 |    26 |       ||    39
       Passwall          |       |    13 |    19 |       ||    32
       Lee's Rapid Decon |       |       |     8 |       ||     8
 Abil: Heal Wounds       |     1 |       |       |       ||     1
Evoke: Wand              |       |       |    15 |       ||    15
  Use: Potion            |     1 |       |     7 |       ||     8
       Scroll            |     2 |     1 |    16 |       ||    19
 Stab: Sleeping          |       |     1 |    13 |       ||    14
       Confused          |       |       |     1 |       ||     1
Armor: Robe              |     6 |       |       |       ||     6
       Leather armour    |       |     7 |    16 |       ||    23
       Ring mail         |       |       |    25 |       ||    25
Dodge: Dodged            |    33 |    10 |    57 |       ||   100

Table legend: (Time is in decaauts)
 A = Elapsed time spent in this place.
 B = Non-inter-level travel time spent in this place.
 C = Inter-level travel time spent in this place.
 D = Time resting spent in this place.
 E = Time spent auto-exploring this place.
 F = Levels seen in this place.
 G = Mean time per level.
                   A        B        C        D        E       F      G
               +--------+--------+--------+--------+--------+-----+--------+
         Total |   4168 |   4063 |    105 |      0 |      0 |   9 |  463.1 |
       Dungeon |   3656 |   3551 |    105 |      0 |      0 |   7 |  522.3 |
        Temple |     63 |     63 |      0 |      0 |      0 |   1 |   63.0 |
        Bailey |    447 |    447 |      0 |      0 |      0 |   1 |  447.0 |
               +--------+--------+--------+--------+--------+-----+--------+

Top non-repeatable levels by time:
     D:2: 647 daAuts
     D:4: 607 daAuts
     D:6: 603 daAuts
     D:3: 514 daAuts
     D:5: 512 daAuts
     D:1: 466 daAuts
  Bailey: 447 daAuts
     D:7: 304 daAuts
  Temple: 63 daAuts

Table legend:
 A = Kills in this place as a percentage of kills in entire the game.
 B = Kills by you in this place as a percentage of kills by you in the entire game.
 C = Kills by friends in this place as a percentage of kills by friends in the entire game.
 D = Other kills in this place as a percentage of other kills in the entire game.
 E = Experience gained in this place as a percentage of experience gained in the entire game.
 F = Experience gained in this place divided by the number of levels of this place that you have seen.
                   A       B       C       D       E      F
               +-------+-------+-------+-------+-------+----------------------
         Total | 100.0 | 100.0 |   N/A | 100.0 | 100.0 | 614.8
       Dungeon |  71.0 |  71.4 |   N/A |   0.0 |  72.0 | 569.1
        Bailey |  29.0 |  28.6 |   N/A | 100.0 |  28.0 | 1549.0
               +-------+-------+-------+-------+-------+----------------------
